 Dungeon Crawl Stone Soup version 0.27-a0-1317-gd1140b374c (webtiles) character file.

Game seed: 17173428557433607335

77392 27snakeeyes612 the Warrior (level 15, -3/214 HPs)
             Began as a Minotaur Berserker on June 21, 2021.
             Was a High Priest of Trog.
             Slain by a green ugly thing (7 damage)
             ... on level 15 of the Dungeon.
             The game lasted 00:20:55 (28368 turns).

27snakeeyes612 the Warrior (Minotaur Berserker)    Turns: 28368, Time: 00:20:56

Health: -3/214     AC: 34    Str: 29    XL:     15   Next: 15%
Magic:  0/17       EV: 12    Int:  7    God:    Trog [*****.]
Gold:   1873       SH:  0    Dex:  8    Spells: 14/14 levels left

rFire    . . .     SeeInvis .   m - +5 executioner's axe (vorpal)
rCold    . . .     Faith    .   (shield currently unavailable)
rNeg     . . .     Spirit   +   W - +1 plate armour of the Circus Animal {+Blink Str+4 Int+3 Dex-3}
rPois    .         Reflect  .   (helmet restricted)
rElec    .         Harm     .   D - +2 cloak
rCorr    .         Rampage  .   v - +1 pair of gloves
Will     +++..                  Q - +0 pair of boots
Stlth    ..........             c - amulet of guardian spirit
HPRegen  1.45/turn              g - +4 ring of protection
MPRegen  0.15/turn              b - +4 ring of protection

@: berserking, strong-willed, regenerating, very quick
A: horns 2, retaliatory headbutt, weak 1
a: Renounce Religion, Evoke Blink, Berserk, Trog's Hand, Brothers in Arms


You were on level 15 of the Dungeon.
You worshipped Trog.
Trog was extremely pleased with you.
You visited 2 branches of the dungeon, and saw 21 of its levels.
You also visited: Sewer.

You collected 1873 gold pieces.

Inventory:

Hand Weapons
 m - a +5 vorpal executioner's axe (weapon)
 H - a +7 antimagic battleaxe
 O - a +2 vorpal war axe
 S - a +3 great mace of flaming
 V - a +0 broad axe
Missiles
 k - a throwing net
 u - 11 curare-tipped darts
Armour
 t - a +0 plate armour
 v - a +1 pair of gloves (worn)
 D - a +2 cloak (worn)
 G - a +0 tower shield
 Q - a +0 pair of boots (worn)
 W - the +1 plate armour of the Circus Animal (worn) {+Blink Str+4 Int+3 Dex-3}
   (You found it on level 15 of the Dungeon)

   It affects your strength (+4).
   It affects your intelligence (+3).
   It affects your dexterity (-3).
   It lets you blink.
Jewellery
 b - a +4 ring of protection (right hand)
 c - an amulet of guardian spirit (around neck)
 e - an amulet of regeneration
 g - a +4 ring of protection (left hand)
 A - a ring of resist corrosion
 E - a ring of fire
 J - a +4 ring of protection
 P - a ring of flight
 U - a ring of fire
Wands
 p - a wand of flame (30)
 r - a wand of digging (5)
 y - a wand of mindburst (28)
 z - a wand of polymorph (12)
 C - a wand of acid (30)
 F - a wand of paralysis (34)
 K - a wand of iceblast (29)
Scrolls
 a - 3 scrolls of blinking
 f - a scroll of magic mapping
 l - a scroll of fear
 w - 3 scrolls of amnesia
 B - a scroll of teleportation
 I - 11 scrolls of identify
 N - 3 scrolls of enchant weapon
Potions
 d - 2 potions of mutation
 h - 9 potions of curing
 i - 12 potions of ambrosia
 j - 4 potions of brilliance
 o - a potion of haste
 q - 2 potions of flight
 s - 3 potions of degeneration
 x - 3 potions of invisibility
 L - a potion of magic
 M - 3 potions of attraction
 R - 2 potions of lignification
 T - 2 potions of heal wounds
Miscellaneous
 n - a piece from Xom's chessboard (15/15)


   Skills:
 + Level 15.8 Fighting
 + Level 15.7 Axes
 + Level 15.6 Armour
 + Level 14.4 Dodging
 - Level 4.0 Invocations


You had 14 spell levels left.
You didn't know any spells.
Your spell library was empty.

Dungeon Overview and Level Annotations

Branches:
Dungeon (15/15)            Temple (0/1) D:6            Lair (6/6) D:11
  Swamp (0/4) Lair:3        Snake (0/4) Lair:2        Slime (0/5) Lair:5
    Orc (0/2) D:12         Vaults (0/5) D:13          Sewer (visited)
 Depths: D:15

Altars:
Ashenzari
Gozag
Qazlal
Ru
Sif Muna
Trog
Vehumet
Xom
Zin

Shops:
D:3 [

Annotations:
D:12 3 runed translucent doors, vjdl's ghost, journeyman GrEE


Innate Abilities, Weirdness & Mutations

You have a pair of horns on your head.
You reflexively headbutt those who attack you in melee.
You are weak. (Str -2)


Message History

You closely miss the white ugly thing. You slash the brown ugly thing!
The brown ugly thing kicks you.
* * * LOW HITPOINT WARNING * * *
You are splashed with acid.
* * * LOW HITPOINT WARNING * * *
The white ugly thing gores you.
* * * LOW HITPOINT WARNING * * *
The white ugly thing freezes you!
* * * LOW HITPOINT WARNING * * *
You barely miss the brown ugly thing.
The brown ugly thing is lightly wounded.
You slice the brown ugly thing!! You slice the white ugly thing!! x2
You slash the brown ugly thing!
The brown ugly thing completely misses you.
You furiously retaliate!
You headbutt the brown ugly thing!
The brown ugly thing engulfs you but does no damage.
The white ugly thing basks in the mutagenic energy from its kin and changes!
The brown ugly thing kicks you but does no damage.
The white ugly thing tentacle-slaps you.
* * * LOW HITPOINT WARNING * * *
The white ugly thing freezes you!!
* * * LOW HITPOINT WARNING * * *
The white ugly thing gores you but does no damage.
You are too berserk!
The green ugly thing trunk-slaps you but does no damage.
The brown ugly thing basks in the mutagenic energy from its kin and changes!
The white ugly thing tentacle-slaps you but does no damage.
You barely miss the green ugly thing. You headbutt the green ugly thing!
The green ugly thing is lightly wounded.
You slice the white ugly thing!!
You feel the power of Trog in you as your rage grows.
You kill the white ugly thing!
Trog accepts your kill.
You slice the brown ugly thing!!
You kill the brown ugly thing!
Trog accepts your kill.
You closely miss the white ugly thing.
The white ugly thing gores you but does no damage.
The green ugly thing trunk-slaps you!
You die...

........... .........
#.......
####......########
..........##.....#
.................# #
.[.....uu........# #
.....uu††...(....# +
+###...@u........# #
#......##.....# #
..[.......####'#########
..........#......##....#
..........#............#
..........#.............
..........#.............
..........#......##....#
........#......#######


You could see 5 ugly things.

Vanquished Creatures
  Frances (D:13)
  Louise (D:14)
  7 vault guards
  A fire dragon (Lair:6)
  2 centaur warriors (D:13)
  An ogre mage (D:10)
  10 hydras
  2 two-headed ogres
  11 death yaks
  Sonja (Lair:5)
  Nergalle (Lair:2)
  3 skeletal warriors (D:13)
  A lindwurm (Lair:6)
  An orc knight (D:13)
  2 deep elf pyromancers
  A wolf spider (D:15)
  2 oklob plants (Lair:5)
  15 ugly things
  A manticore (D:11)
  8 elephants
  Joseph (D:7)
  A cyclops (D:14)
  9 black mambas
  2 gargoyles
  3 molten gargoyles (Lair:6)
  Maurice (D:7)
  2 torpor snails
  11 cane toads
  Maggie (D:6)
  2 rime drakes
  Psyche (D:11)
  13 komodo dragons
  A tengu conjurer (D:15)
  3 meliai (D:14)
  4 trolls
  3 polar bears
  A queen bee (Lair:1)
  A troll (shapeshifter) (D:10)
  23 blink frogs
  A shadow (D:12)
  A centaur simulacrum (D:14)
  6 wyverns
  7 basilisks
  A wraith (D:12)
  33 yaks
  2 steam dragons (Lair:6)
  4 vampire mosquitoes (Lair:3)
  4 wargs (D:12)
  An acid dragon (D:13)
  5 hell hounds (Lair:6)
  Duvessa (D:7)
  12 water moccasins
  11 orc warriors
  A black bear (D:4)
  2 ogres (D:7)
  6 centaurs
  4 wolves
  2 phantoms (D:6)
  Blork the orc (D:6)
  2 kobold brigands
  11 bullfrogs
  A gnoll sergeant (D:6)
  2 scorpions
  Dowan (D:7)
  2 water moccasin skeletons
  An electric eel (Lair:3)
  40 killer bees
  5 wights (D:8)
  3 howler monkeys
  A bullfrog zombie (D:5)
  5 lava snakes (Lair:6)
  5 centaur zombies
  A jelly (D:4)
  A centaur skeleton (D:5)
  3 hounds
  6 orc priests
  3 gnoll shamans
  Jessica (D:3)
  2 bullfrog skeletons
  5 hell rats (Lair:3)
  6 orc wizards
  3 iguanas
  A hound skeleton (D:4)
  2 howler monkey zombies
  22 gnolls
  8 adders
  2 river rats (D:5)
  A shadow imp (D:5)
  An ufetubus (D:5)
  4 worms
  A dart slug (D:1)
  39 orcs
  15 endoplasms
  12 giant cockroaches
  6 goblins
  8 hobgoblins
  10 jackals
  12 quokkas
  18 ball pythons
  A bat (D:1)
  16 frilled lizards
  18 kobolds
  4 rats
  2 bushes (Lair:5)
573 creatures vanquished.

Vanquished Creatures (collateral kills)
  A water moccasin (Lair:1)
1 creature vanquished.

Vanquished Creatures (others)
  10 fungi
  20 plants
30 creatures vanquished.

Grand Total: 604 creatures vanquished

Notes
Turn   | Place    | Note
-------+----------+-------------------------------------------
     0 | D:1      | 27snakeeyes612 the Minotaur Berserker began the quest for
                  | the Orb.
     0 | D:1      | Reached XP level 1. HP: 19/19 MP: 0/0
   249 | D:1      | Reached XP level 2. HP: 24/27 MP: 1/1
   904 | D:1      | Identified the Tome of the Snowflakes
   996 | D:2      | Reached XP level 3. HP: 28/33 MP: 2/2
  1058 | D:2      | Reached ** piety under Trog
  1732 | D:3      | Found a shimmering altar of Xom.
  1739 | D:3      | Noticed Jessica
  1744 | D:3      | Killed Jessica
  1745 | D:3      | Reached XP level 4. HP: 41/41 MP: 3/3
  2187 | D:3      | Reached XP level 5. HP: 47/47 MP: 4/4
  2580 | D:3      | Found Faerch's Antique Armour Shop.
  2615 | D:4      | Reached *** piety under Trog
  2616 | D:4      | Reached skill level 5 in Fighting
  2616 | D:4      | Reached skill level 5 in Axes
  2621 | D:4      | Reached XP level 6. HP: 48/56 MP: 5/5
  3226 | D:4      | Reached skill level 5 in Armour
  3226 | D:4      | Reached XP level 7. HP: 31/62 MP: 6/6
  3908 | D:5      | Entered Level 5 of the Dungeon
  4150 | D:5      | Found a glowing drain.
  4154 | Sewer    | Entered a sewer
  4303 | Sewer    | Reached skill level 5 in Dodging
  4398 | Sewer    | Reached **** piety under Trog
  5057 | D:5      | Reached XP level 8. HP: 71/71 MP: 7/7
  5057 | D:5      | Found a stormy altar of Qazlal.
  5426 | D:6      | Found a staircase to the Ecumenical Temple.
  5615 | D:6      | Noticed Blork the orc
  5627 | D:6      | Killed Blork the orc
  5948 | D:6      | Noticed Maggie
  5965 | D:6      | Killed Maggie
  5965 | D:6      | Reached ***** piety under Trog
  6917 | D:7      | Found a glowing silver altar of Zin.
  7092 | D:7      | Noticed Joseph
  7113 | D:7      | Killed Joseph
  7114 | D:7      | Reached XP level 9. HP: 81/81 MP: 8/8
  7451 | D:7      | Noticed Duvessa
  7452 | D:7      | Noticed Dowan
  7476 | D:7      | Killed Dowan
  7491 | D:7      | Killed Duvessa
  7988 | D:8      | Noticed Maurice
  8043 | D:7      | Killed Maurice
  8855 | D:8      | Reached XP level 10. HP: 75/90 MP: 9/9
  8941 | D:8      | Found a radiant altar of Vehumet.
  8943 | D:8      | Found a sacrificial altar of Ru.
  8948 | D:8      | Found an opulent altar of Gozag.
  8951 | D:8      | Found a bloodstained altar of Trog.
  9267 | D:9      | Reached skill level 10 in Fighting
  9267 | D:9      | Reached skill level 10 in Axes
  9473 | D:9      | Noticed a two-headed ogre
  9481 | D:9      | Killed a two-headed ogre
  9993 | D:9      | Reached skill level 10 in Armour
 10412 | D:10     | Entered Level 10 of the Dungeon
 10412 | D:10     | Noticed a two-headed ogre
 10420 | D:10     | Killed a two-headed ogre
 10421 | D:10     | Reached XP level 11. HP: 101/101 MP: 10/10
 10557 | D:10     | Found a shimmering blue altar of Sif Muna.
 10823 | D:10     | Found a broken altar of Ashenzari.
 10843 | D:10     | Noticed an ogre mage
 10858 | D:10     | Killed an ogre mage
 10867 | D:10     | Reached skill level 10 in Dodging
 11340 | D:11     | Found a staircase to the Lair.
 11552 | D:11     | Noticed Psyche
 11568 | D:11     | Killed Psyche
 11596 | D:11     | Received a gift from Trog
 12509 | D:12     | Found a staircase to the Orcish Mines.
 12561 | D:12     | Noticed a brown ugly thing
 12575 | D:12     | Killed a brown ugly thing
 12670 | D:12     | Found a runed translucent gate.
 12671 | D:12     | Found a runed translucent gate.
 12672 | D:12     | Found a runed translucent gate.
 12674 | D:12     | Noticed vjdl's ghost (journeyman GrEE)
 13077 | D:13     | Noticed Frances
 13454 | D:13     | Noticed a sixfirhy
 13454 | D:13     | Gained mutation: You are weak. (Str -2) [a neqoxec]
 13468 | D:13     | Killed Frances
 13859 | D:13     | Noticed a centaur warrior
 13873 | D:13     | Killed a centaur warrior
 13874 | D:13     | Reached XP level 12. HP: 25/112 MP: 3/11
 14549 | D:13     | Noticed a vault guard
 14549 | D:13     | Noticed a vault guard
 14549 | D:13     | Noticed a vault guard
 14550 | D:13     | Found a gate to the Vaults.
 14550 | D:13     | Noticed a vault guard
 14550 | D:13     | Noticed a vault guard
 14550 | D:13     | Noticed a vault guard
 14550 | D:13     | Noticed a vault guard
 14557 | D:13     | Noticed a vault guard
 14558 | D:13     | Killed a vault guard
 14595 | D:13     | Killed a vault guard
 14855 | D:13     | Noticed a centaur warrior
 14862 | D:13     | Killed a centaur warrior
 15108 | D:13     | Killed a vault guard
 15294 | D:13     | Killed a vault guard
 15331 | D:14     | Killed a vault guard
 15749 | D:13     | Killed a vault guard
 15960 | D:13     | Killed a vault guard
 16342 | Lair:1   | Entered Level 1 of the Lair of Beasts
 16349 | Lair:1   | Noticed an eight-headed hydra
 16386 | Lair:1   | Reached XP level 13. HP: 11/122 MP: 4/12
 16797 | Lair:1   | Reached skill level 1 in Invocations
 18694 | Lair:2   | Noticed Nergalle
 18706 | Lair:2   | Killed Nergalle
 19061 | Lair:2   | Found a staircase to the Snake Pit.
 20067 | Lair:3   | Found a staircase to the Swamp.
 20391 | Lair:3   | Received a gift from Trog
 21799 | Lair:4   | Reached XP level 14. HP: 132/133 MP: 5/16
 21890 | Lair:4   | Identified the +4 shortbow "Qabea" {freeze, Dex+4}
 23309 | Lair:5   | Reached skill level 15 in Fighting
 23310 | Lair:5   | Reached skill level 15 in Axes
 24053 | Lair:5   | Noticed Sonja
 24057 | Lair:5   | Killed Sonja
 24494 | Lair:5   | Found a staircase to the Slime Pits.
 24727 | Lair:6   | Entered Level 6 of the Lair of Beasts
 24814 | Lair:6   | Reached skill level 15 in Armour
 25130 | Lair:6   | Received a gift from Trog
 25897 | Lair:6   | Found a large runed translucent door.
 25897 | Lair:6   | Found a large runed translucent door.
 26885 | D:14     | Found a stormy altar of Qazlal.
 27487 | D:14     | Reached XP level 15. HP: 103/141 MP: 12/17
 27874 | D:14     | Noticed Louise
 27884 | D:14     | Killed Louise
 28235 | D:15     | Entered Level 15 of the Dungeon
 28259 | D:15     | Identified the +1 plate armour of the Circus Animal {+Blink
                  | Str+4 Int+3 Dex-3}
 28366 | D:15     | HP: 2/214 [white ugly thing (28)]
 28368 | D:15     | Slain by a green ugly thing

Illustrated notes

Levels and vault maps discovered:
D:1:      dpeg_arrival_refuge, layout_loops_ring
D:2:      layout_rooms
D:3:      layout_basic, xom_butterflies, serial_shops,
          nicolae_shop_behind_doors, minmay_vboxes, uniq_jessica
D:4:      layout_rooms
D:5:      layout_loops_cross, marbit_many_paths, gup_sewer_entry_bowl
D:6:      layout_basic, minmay_temple_entry_butterflies, uniq_maggie,
          uniq_blork_the_orc
D:7:      layout_loops_corners, lemuel_doored_altar, grunt_decor_mini_mirrors,
          uniq_duvessa, uniq_joseph
D:8:      layout_cave_pools, trog_butcher_becter,
          gammafunk_temple_overflow_forgotten, nicolae_underground_beach,
          uniq_maurice
D:9:      layout_basic
D:10:     layout_long_grid, old_standard_altar, kennysheep_little_box,
          minmay_statues_item, minmay_checkerbox
D:11:     layout_grid_maze, lair_entry_dummy, uniq_psyche
D:12:     layout_roguey, minmay_orc_entry_guard_dogs, gammafunk_ghost_spectres
D:13:     layout_loops_cross, erik_vaults_2, special_room [special_room_orc],
          uniq_frances
D:14:     layout_basic, nicolae_qazlal_style_of_elements, uniq_louise
D:15:     grunt_enter_depths_giant_problem, layout_gridville,
          okawaru_gym_becter, uniq_nessos
Lair:1:   layout_roguey [special_room_bee], chequers_serial_rivers_small_a,
          minmay_shattered_shrine, serial_bayou_shore_b
Lair:2:   layout_cellular_growth, dummy_snake_entry, uniq_nergalle
Lair:3:   layout_loops_ring, minmay_swamp_entry_swarm, grunt_megastairs_5
Lair:4:   layout_cave_pods
Lair:5:   layout_misc_corridors, minmay_slime_entry_oklob_open,
          chequers_serial_rivers_room_a, chequers_serial_rivers_room_a,
          cheibrodos_lair_lostbears, lemuel_fruit_fields, uniq_sonja
Lair:6:   cheibrodos_lair_end_hotspot, layout_loops_ring, serial_bayou_shore_b

Skill      XL: |  1  2  3  4  5  6  7  8  9 10 11 12 13 14 |
---------------+-------------------------------------------+-----
Fighting       | 4 5 6 8 9 10 12 13 14 15 | 15.8
Axes           | 4 5 6 8 9 10 12 13 14 15 | 15.7
Armour         | 3 4 5 6 7 8 10 11 13 14 15 | 15.6
Dodging        | 3 4 5 7 8 9 11 12 13 14 | 14.4
Invocations    | 4 |  4.0

Action                   |  1- 3 |  4- 6 |  7- 9 | 10-12 | 13-15 || total
-------------------------+-------+-------+-------+-------+-------++-------
Melee: Hand axe          |    75 |   119 |   413 |       |       ||   607
       Headbutt          |     7 |    26 |    76 |   100 |   114 ||   323
       War axe           |       |       |     6 |   179 |       ||   185
       Battleaxe         |       |       |       |   234 |   431 ||   665
       Morningstar       |       |       |       |       |    31 ||    31
       Great mace        |       |       |       |       |    27 ||    27
       Executioner's axe |       |       |       |       |   119 ||   119
Invok: Berserk           |     2 |     1 |    11 |    12 |     7 ||    33
       Trog's Hand       |       |     2 |     2 |     7 |     2 ||    13
       Brothers in Arms  |       |       |       |       |     1 ||     1
  Use: Scroll            |       |     6 |     6 |    13 |     6 ||    31
       Potion            |       |       |       |     4 |     1 ||     5
Armor: Animal skin       |    14 |       |       |       |       ||    14
       Ring mail         |     1 |       |       |       |       ||     1
       Scale mail        |       |    71 |    86 |       |       ||   157
       Plate armour      |       |       |   114 |   368 |   680 ||  1162
       Skin              |       |       |    11 |    10 |    41 ||    62
Dodge: Dodged            |    39 |    87 |   231 |   263 |   464 ||  1084

Table legend: (Time is in decaauts)
 A = Elapsed time spent in this place.
 B = Non-inter-level travel time spent in this place.
 C = Inter-level travel time spent in this place.
 D = Time resting spent in this place.
 E = Time spent auto-exploring this place.
 F = Levels seen in this place.
 G = Mean time per level.
                   A        B        C        D        E       F      G
               +--------+--------+--------+--------+--------+-----+--------+
         Total |  28726 |  27534 |   1192 |   4036 |  20316 |  22 | 1305.7 |
       Dungeon |  17674 |  16966 |    708 |   2881 |  12131 |  15 | 1178.3 |
          Lair |  10433 |   9950 |    483 |   1155 |   7781 |   6 | 1738.8 |
         Sewer |    618 |    618 |      0 |      0 |    404 |   1 |  618.0 |
               +--------+--------+--------+--------+--------+-----+--------+

Top non-repeatable levels by time:
    D:13: 2478 daAuts
  Lair:1: 2181 daAuts
  Lair:5: 2003 daAuts
    D:14: 1919 daAuts
  Lair:6: 1899 daAuts
  Lair:4: 1666 daAuts
     D:7: 1587 daAuts
     D:6: 1492 daAuts
  Lair:2: 1417 daAuts
     D:9: 1271 daAuts
  Lair:3: 1266 daAuts
     D:3: 1222 daAuts
    D:12: 1210 daAuts
    D:11: 1038 daAuts
     D:4: 983 daAuts
